 Dungeon Crawl Stone Soup version 0.26.1-11-gd32895ea62 (webtiles) character file.

Game seed: 3686116605309107911

4354 infcreate the Covert (level 10, -2/56 HPs)
             Began as a Vampire Enchanter on Apr 30, 2021.
             Was a Believer of Dithmenos.
             Slain by an orc warrior (13 damage)
             ... in a bailey.
             The game lasted 00:31:26 (9106 turns).

infcreate the Covert (Vampire Enchanter)            Turns: 9106, Time: 00:31:27

Health: -2/56      AC:  9    Str: 17    XL:     10   Next: 12%
Magic:  1/16       EV: 17    Int: 24    God:    Dithmenos [**....]
Gold:   198        SH:  0    Dex: 18    Spells: 9/18 levels left

rFire    . . .     SeeInvis +   o - +3 dagger (pain)
rCold    + + .     Faith    .   (no shield)
rNeg     + + +     Spirit   .   m - +2 leather armour of the Ward {rElec Str+4}
rPois    ∞         Reflect  .   (no helmet)
rElec    +         Harm     .   f - +1 cloak
rCorr    .         Rampage  .   i - +1 pair of gloves
Will     +....                  (no boots)
Stlth    +++++++++.             (no amulet)
HPRegen  0.00/turn              I - +6 ring of intelligence
MPRegen  0.15/turn              S - +6 ring of strength

@: bloodless, wreathed by umbra
A: fangs 3, see invisible, unbreathing
a: Bat Form, Revivify, Renounce Religion, Shadow Step


You were in a bailey.
You worshipped Dithmenos.
Dithmenos was pleased with you.
You visited 2 branches of the dungeon, and saw 8 of its levels.
You also visited: Bailey.

You collected 382 gold pieces.
You spent 184 gold pieces at shops.


Innate Abilities, Weirdness & Mutations

You do not regenerate when monsters are visible.
You are frail without blood (-20% HP).
You can heal yourself when you bite living creatures.
You are immune to poison.
You have razor-sharp teeth.
You have supernaturally acute eyesight. (SInv)
You can survive without breathing.


   Skills:
 + Level 4.0 Fighting
 * Level 7.3 Short Blades
 * Level 7.5 Dodging
 * Level 11.0 Stealth
 + Level 4.6 Spellcasting
 * Level 10.3 Hexes


You had 9 spell levels left.
You knew the following spells:

 Your Spells              Type           Power        Failure   Level
c - Corona                Hex            58%          1%          1
d - Tukima's Dance        Hex            53%          1%          3
e - Ensorcelled Hibernat  Hex/Ice        60%          1%          2
t - Confusing Touch       Hex            53%          1%          3

Your spell library contained the following spells:

 Spells                   Type           Power        Failure   Level
 Dazzling Flash           Conj/Hex       60%          4%          3
 Inner Flame              Hex/Fire       30%          4%          3
 Foxfire                  Conj/Fire      20%          12%         1
 Conjure Flame            Conj/Fire      5%           34%         3
 Sticky Flame             Conj/Fire      5%           75%         4
 Fireball                 Conj/Fire      2%           97%         5

Inventory:

Hand Weapons
 o - a +3 dagger of pain (weapon)
 u - a +1 rapier of draining
Missiles
 c - 5 throwing nets {=f}
Armour
 f - a +1 cloak (worn)
 i - a +1 pair of gloves (worn)
 m - the +2 leather armour of the Ward (worn) {rElec Str+4}
   (You found it on level 4 of the Dungeon)

   It affects your strength (+4).
   It insulates you from electricity.
Jewellery
 I - a +6 ring of intelligence (left hand)
 S - a +6 ring of strength (right hand)
Wands
 r - a wand of polymorph (11)
Scrolls
 b - 2 scrolls of acquirement {unknown}
 g - 4 scrolls of teleportation {@r4}
 j - 3 scrolls of remove curse {@r2}
 p - 3 scrolls of identify {@r1}
Potions
 a - a potion of cancellation {unknown}
 d - a potion of attraction
 e - 3 potions of heal wounds {@q2}
 h - 7 potions of curing {@q1}
 k - a potion of lignification {unknown}
 l - a potion of flight {unknown}
 n - a potion of degeneration {unknown}
 q - a potion of invisibility {unknown}
 s - 2 potions of haste {@q3}

Dungeon Overview and Level Annotations

Branches:
Dungeon (7/15)             Temple (1/1) D:5          Bailey (1/1)

Altars:
Ashenzari
Cheibriados
Dithmenos
Elyvilon
Gozag
Hepliaklqana
Makhleb
Nemelex Xobeh
Okawaru
Ru
Sif Muna
Uskayaw
Wu Jian
Xom
Yredelemnul
Zin
The Shining One

Shops:
D:5

( .....▒▒▒
▒▒▒.....▒▒▒
.......▒▒▒.........▒▒
........▒)..........▒
.......))...........▒
..⌠....)▒.))))⌠.....▒
.......)▒.[.......).▒
........▒....o..))..▒
.......▒▒▒.)...o.g)▒▒
)...)▒▒▒ ▒▒▒.){.@▒)▒
▒▒)▒▒▒ ▒▒▒.▒▒▒.....▒
.▒▒▒ ▒▒▒ .....g.?▒
..▒ .......... ..▒
8.......... ..▒
'.....⌠....∩ ..▒
o▒8.......... ..▒
.▒▒8.......... .▒▒▒


You could see 2 orc warriors, a hobgoblin and a friendly +0 war axe.


Message History

Casting: Ensorcelled Hibernation (safe; 1% risk of failure)
Confirm with . or Enter, or press ? or * to list all spells.
Aiming: Tukima's Dance (safe; 1% risk of failure)
Press: ? - help, Shift-Dir - straight line, f - orc warrior, p - orc warrior
Aim: an orc warrior, wielding a +0 war axe and wearing a +0 ring mail (umbra, chance to affect: 82%)
The +0 war axe dances into the air!
An orc warrior comes into view. It is wielding a +0 war axe.
Something hits the orc warrior.
The orc warrior hits you!
* * * LOW HITPOINT WARNING * * *
You hit the orc warrior but do no damage.
The orc warrior is almost dead.
The orc warrior barely misses you.
You hit the orc warrior but do no damage.
You bite the orc warrior, but do no damage.
The orc warrior is almost dead.
The orc warrior closely misses you.
Your +0 war axe hits the orc warrior!
You hit the orc warrior but do no damage.
Your bite misses the orc warrior.
The orc warrior is almost dead.
The orc warrior closely misses your +0 war axe.
The orc warrior hits you.
* * * LOW HITPOINT WARNING * * *
You hit the orc warrior.
You kill the orc warrior!
Dithmenos accepts your kill.
The orc warrior hits your +0 war axe!
You hit the orc warrior.
The orc warrior is severely wounded.
Your +0 war axe hits the orc warrior!
The orc warrior hits you!
You die...

Skill      XL: |  1  2  3  4  5  6  7  8  9 |
---------------+----------------------------+-----
Short Blades   | 2 3 4 5 7 |  7.3
Hexes          | 5 6 7 8 10 | 10.3
Stealth        | 5 6 7 9 11 | 11.0
Fighting       | 1 2 3 4 |  4.0
Dodging        | 3 4 6 7 |  7.5
Spellcasting   | 3 4 |  4.6

Action                   |  1- 3 |  4- 6 |  7- 9 | 10-12 || total
-------------------------+-------+-------+-------+-------++-------
Melee: Dagger            |   118 |   143 |   216 |    19 ||   496
       Bite              |     3 |    12 |    27 |     1 ||    43
 Cast: Corona            |    35 |    21 |     9 |       ||    65
       Ensorcelled Hiber |    27 |    50 |    63 |     5 ||   145
       Confusing Touch   |     3 |    12 |    12 |       ||    27
       Tukima's Dance    |       |       |     8 |     2 ||    10
 Abil: Exsanguinate      |     1 |       |       |       ||     1
  Use: Scroll            |     2 |     3 |     8 |       ||    13
 Stab: Sleeping          |    20 |    29 |    51 |     2 ||   102
       Confused          |     2 |    10 |    13 |       ||    25
Armor: Robe              |    16 |    13 |       |       ||    29
       Leather armour    |       |     2 |    31 |       ||    33
Dodge: Dodged            |    75 |    64 |    83 |     7 ||   229

Levels and vault maps discovered:
D:1:      wheals_arrival_shading, layout_loops_corners
D:2:      layout_rooms, serial_forest, infiniplex_forest_lined_corner,
          infiniplex_forest_lined_2, infiniplex_forest_zigzag_1,
          infiniplex_forest_clump_curved, infiniplex_forest_zigzag_2,
          infiniplex_forest_clump_double
D:3:      layout_basic, chequers_mini_garden, grunt_ministairs_2,
          uniq_crazy_yiuf_cottage, uniq_terence
D:4:      layout_gridville
D:5:      layout_basic, minmay_temple_entry_waves, serial_shops,
          nicolae_shop_stone
D:6:      layout_loops_ring, uniq_eustachio
D:7:      layout_basic, enter_bailey_2, minmay_misc_feat_ornament
Temple:   nicolae_temple_the_god_donut
Bailey:   bailey_axe_minmay_hex_keep, bailey

Notes
Turn   | Place    | Note
-------+----------+-------------------------------------------
     0 | D:1      | infcreate the Vampire Enchanter began the quest for the
                  | Orb.
     0 | D:1      | Reached XP level 1. HP: 13/13 MP: 3/3
   386 | D:1      | Reached XP level 2. HP: 11/15 MP: 3/5
   389 | D:1      | Learned a level 2 spell: Ensorcelled Hibernation
  1630 | D:2      | Reached XP level 3. HP: 20/20 MP: 3/6
  1727 | D:1      | Learned a level 3 spell: Confusing Touch
  1787 | D:2      | Reached skill level 2 in Short Blades
  1800 | D:2      | Reached skill level 5 in Hexes
  1949 | D:2      | Reached skill level 5 in Stealth
  2646 | D:2      | Reached XP level 4. HP: 11/24 MP: 1/7
  2683 | D:2      | Reached skill level 1 in Fighting
  3018 | D:2      | Reached skill level 3 in Dodging
  3505 | D:3      | Noticed a necrophage
  3609 | D:3      | Noticed Terence
  3633 | D:3      | Killed Terence
  3634 | D:3      | Reached XP level 5. HP: 29/29 MP: 1/8
  4176 | D:3      | Reached skill level 3 in Short Blades
  4347 | D:3      | Reached skill level 6 in Stealth
  4347 | D:3      | Reached XP level 6. HP: 34/34 MP: 1/9
  4352 | D:3      | Learned a level 3 spell: Tukima's Dance
  4487 | D:3      | Found a runed translucent door.
  4488 | D:3      | Noticed Crazy Yiuf
  4495 | D:3      | Killed Crazy Yiuf
  4575 | D:3      | Reached skill level 6 in Hexes
  4998 | D:4      | Reached skill level 4 in Dodging
  5183 | D:4      | Got a fine leather armour
  5194 | D:4      | Identified the +2 leather armour of the Ward {rElec Str+4}
                  | (You found it on level 4 of the Dungeon)
  5622 | D:4      | Reached XP level 7. HP: 39/39 MP: 7/11
  5713 | D:4      | Reached skill level 2 in Fighting
  6137 | D:5      | Entered Level 5 of the Dungeon
  6294 | D:5      | Reached skill level 4 in Short Blades
  6294 | D:5      | Reached skill level 7 in Stealth
  6294 | D:5      | Reached skill level 3 in Spellcasting
  6473 | D:5      | Found a staircase to the Ecumenical Temple.
  6498 | Temple   | Entered the Ecumenical Temple
  6535 | Temple   | Became a worshipper of Dithmenos the Shadowed
  6703 | D:5      | Found Tarhewu's Weapon Boutique.
  6709 | D:5      | Bought a +1 rapier of draining for 184 gold pieces
  6808 | D:5      | Reached skill level 7 in Hexes
  7080 | D:6      | Reached XP level 8. HP: 45/45 MP: 8/12
  7192 | D:6      | Noticed Eustachio
  7195 | D:6      | Killed Eustachio
  7196 | D:6      | Reached skill level 5 in Dodging
  7196 | D:6      | Reached skill level 8 in Stealth
  7812 | D:7      | Found a flagged portal.
  7837 | Bailey   | Entered a bailey
  7867 | Bailey   | Reached skill level 5 in Short Blades
  7911 | Bailey   | Reached * piety under Dithmenos
  8359 | Bailey   | Reached skill level 8 in Hexes
  8526 | Bailey   | Noticed an orc knight
  8568 | Bailey   | Killed an orc knight
  8569 | Bailey   | Reached skill level 3 in Fighting
  8569 | Bailey   | Reached skill level 6 in Dodging
  8569 | Bailey   | Reached skill level 9 in Stealth
  8677 | Bailey   | Reached XP level 9. HP: 50/50 MP: 3/14
  8678 | Bailey   | Reached ** piety under Dithmenos
  8912 | Bailey   | Noticed an orc knight
  8918 | Bailey   | Noticed an orc knight
  8927 | Bailey   | Killed an orc knight
  8928 | Bailey   | Reached skill level 6 in Short Blades
  8928 | Bailey   | Reached skill level 4 in Spellcasting
  8928 | Bailey   | Reached skill level 9 in Hexes
  8934 | Bailey   | Killed an orc knight
  8935 | Bailey   | Reached skill level 10 in Stealth
  8964 | Bailey   | Noticed an orc warlord
  8984 | Bailey   | Killed an orc warlord
  8985 | Bailey   | Reached skill level 4 in Fighting
  8985 | Bailey   | Reached skill level 7 in Short Blades
  8985 | Bailey   | Reached skill level 7 in Dodging
  8985 | Bailey   | Reached skill level 11 in Stealth
  8985 | Bailey   | Reached skill level 10 in Hexes
  8985 | Bailey   | Reached XP level 10. HP: 36/56 MP: 0/16
  9106 | Bailey   | Slain by an orc warrior

Vanquished Creatures
  An orc warlord (Bailey)
  3 orc knights (Bailey)
  Eustachio (D:6)
  An ice beast (D:5)
  4 orc warriors (Bailey)
  A necrophage (D:3)
  An ogre (D:4)
  A bullfrog (D:6)
  A jelly (D:5)
  A howler monkey (D:4)
  Crazy Yiuf (D:3)
  2 hounds
  4 orc wizards
  An orc priest (D:3)
  A bullfrog skeleton (D:4)
  2 iguanas
  Terence (D:3)
  5 worker ants
  A killer bee zombie (D:7)
  A hound skeleton (D:6)
  A worker ant zombie (D:6)
  13 gnolls
  5 adders
  A shadow imp (D:5)
  An ooze (D:3)
  An adder skeleton (D:4)
  2 worms (D:2)
  3 dart slugs
  5 leopard geckos
  23 orcs
  6 bats
  20 goblins
  19 hobgoblins
  9 jackals
  2 quokkas
  2 ball pythons
  2 frilled lizards
  10 kobolds
  A leopard gecko skeleton (D:5)
  7 rats
167 creatures vanquished.

Vanquished Creatures (collateral kills)
  An orc warrior (Bailey)
  An ogre (D:5)
  An orc (Bailey)
  A goblin (Bailey)
4 creatures vanquished.

Vanquished Creatures (others)
  A dancing weapon (Bailey)
  8 plants (D:2)
9 creatures vanquished.

Grand Total: 180 creatures vanquished

Table legend: (Time is in decaauts)
 A = Elapsed time spent in this place.
 B = Non-inter-level travel time spent in this place.
 C = Inter-level travel time spent in this place.
 D = Time resting spent in this place.
 E = Time spent auto-exploring this place.
 F = Levels seen in this place.
 G = Mean time per level.
                   A        B        C        D        E       F      G
               +--------+--------+--------+--------+--------+-----+--------+
         Total |   9018 |   8719 |    299 |   2796 |   2606 |   9 | 1002.0 |
       Dungeon |   7731 |   7457 |    274 |   2236 |   2391 |   7 | 1104.4 |
        Temple |     63 |     38 |     25 |      0 |     23 |   1 |   63.0 |
        Bailey |   1223 |   1223 |      0 |    560 |    192 |   1 | 1223.0 |
               +--------+--------+--------+--------+--------+-----+--------+

Top non-repeatable levels by time:
     D:3: 1656 daAuts
     D:2: 1642 daAuts
     D:1: 1506 daAuts
     D:4: 1400 daAuts
  Bailey: 1223 daAuts
     D:6: 777 daAuts
     D:5: 666 daAuts
     D:7: 82 daAuts
  Temple: 63 daAuts

Table legend:
 A = Non-vault XP
 B = Vault XP
 C = Vault XP percentage of total XP
 D = Non-vault monster count
 E = Vault monster count
 F = Vault count percentage of total count
                 A         B        C        D         E       F
            +---------+---------+-------+---------+---------+-------
      Total |    1488 |    4732 |  76.1 |     104 |      67 |  39.2
            +---------+---------+-------+---------+---------+-------
        D:1 |      35 |       0 |   0.0 |      22 |       0 |   0.0
        D:2 |     116 |       0 |   0.0 |      25 |       0 |   0.0
        D:3 |     242 |     164 |  40.4 |      19 |       6 |  24.0
        D:4 |     441 |       0 |   0.0 |      20 |       0 |   0.0
        D:5 |     362 |       0 |   0.0 |       8 |       0 |   0.0
        D:6 |     221 |     188 |  46.0 |       8 |       1 |  11.1
        D:7 |      71 |       0 |   0.0 |       2 |       0 |   0.0
     Bailey |       0 |    4380 | 100.0 |       0 |      60 | 100.0
            +---------+---------+-------+---------+---------+-------
